 Dungeon Crawl Stone Soup version 0.24-a0-226-gca05e9d (webtiles) character file.

Game seed: 6229452492965732989

469 Inarius the Skirmisher (level 6, -4/48 HPs)
             Began as a Demonspawn Abyssal Knight on Mar 31, 2019.
             Was a Priest of Lugonu.
             Slain by Grinder (5 damage)
             ... while paralysed by Grinder
             ... in a sewer.
             The game lasted 00:09:44 (5012 turns).

Inarius the Skirmisher (Demonspawn Abyssal Knight)  Turns: 5012, Time: 00:09:45

Health: -4/48      AC:  6    Str: 12    XL:     6   Next: 82%
Magic:  8/8        EV:  2    Int: 13    God:    Lugonu [***...]
Gold:   181        SH:  0    Dex: 15    Spells: 5/5 levels left

rFire    . . .     SeeInvis .   e - +1 dagger (venom)
rCold    . . .     Gourm    .   (no shield)
rNeg     . . .     Faith    .   b - +0 leather armour
rPois    .         Spirit   .   t - +0 helmet
rElec    .         Reflect  .   (no cloak)
rCorr    .         Harm     .   l - +0 pair of gloves
MR       .....                  h - +0 pair of boots
Stlth    ++++......             (no amulet)
HPRegen  0.16/turn              (no ring)
MPRegen  0.11/turn              (no ring)

@: paralysed
A: nightstalker 2
a: Depart the Abyss, Bend Space, Banish, Renounce Religion


You were in a sewer.
You worshipped Lugonu.
Lugonu was most pleased with you.
You were very hungry.

You visited 1 branch of the dungeon, and saw 4 of its levels.
You visited the Abyss 1 time.
You also visited: Sewer.

You collected 181 gold pieces.

Inventory:

Hand Weapons
 a - a +1 hand axe
 e - a +1 dagger of venom (weapon)
Armour
 b - a +0 leather armour (worn)
 h - a +0 pair of boots (worn)
 l - a +0 pair of gloves (worn)
 t - a +0 helmet (worn)
Jewellery
 d - an uncursed ring of fire
Wands
 k - a wand of disintegration (16)
 w - a wand of flame (1)
Scrolls
 f - 5 scrolls of remove curse
 i - a scroll of magic mapping
 o - a scroll of blinking
 q - a scroll of fog
 r - 2 scrolls of teleportation
 v - a scroll of enchant weapon
Potions
 g - a potion of haste
 j - 2 potions of degeneration {unknown}
 m - 3 potions of flight {unknown}
 n - a potion of might {unknown}
 s - a potion of ambrosia {unknown}
 u - a potion of heal wounds {unknown}
Comestibles
 c - 8 rations


   Skills:
 + Level 3.8 Fighting
 * Level 3.2 Short Blades
 - Level 1.8 Axes
 + Level 2.9 Armour
 + Level 1.9 Dodging
 + Level 3.2 Stealth
 + Level 3.4 Invocations
 * Level 1.1 Evocations


You had 5 spell levels left.
You didn't know any spells.
Your spell library was empty.

Dungeon Overview and Level Annotations

Branches:
Dungeon (4/15)
 Temple: D:4-7

Altars:
Kikubaaqudgha
Makhleb
Nemelex Xobeh
Trog
Vehumet

Annotations:
Sewer Grinder


Innate Abilities, Weirdness & Mutations

You are significantly more attuned to the shadows.


Message History

Unknown command.
You hit Grinder but do no damage.
Grinder looks as sick as possible!
Grinder is moderately wounded.
Grinder hits you.
You barely miss Grinder.
Grinder is moderately wounded.
Grinder gestures at you.
You suddenly lose the ability to move!
Grinder hits you but does no damage. Grinder hits you.
You writhe in agony.
Grinder hits you.
You writhe in agony.
* * * LOW HITPOINT WARNING * * *
Grinder hits you but does no damage. Grinder gestures at you.
Pain shoots through your body!
* * * LOW HITPOINT WARNING * * *
Grinder hits you.
* * * LOW HITPOINT WARNING * * *
You writhe in agony.
You die...

#†(....#≈≈≈#...
#'#######≈#######+#
#......#...#..÷...#
#≈≈≈≈≈≈......≈≈≈≈.≈
#≈≈≈≈≈≈#..(#≈≈≈≈≈≈#
#########)#########
###.).##########
#...⌠...#≈≈≈≈≈≈##
+.......(..@...?#
+.⌠._.⌠.'..5)..$)
+.......'......!#
#..⌠.⌠..#≈≈≈≈≈≈##
##.....#########
##+++##


You could see Grinder.

Vanquished Creatures
  A big kobold (Sewer)
  2 vampire bats (D:3)
  A crimson imp (D:3)
  5 big kobold zombies (Sewer)
  6 adders
  2 shadow imps (Sewer)
  5 oozes
  5 dart slugs
  2 leopard geckos
  8 orcs
  A bat skeleton (D:3)
  4 bat zombies
  7 giant cockroaches
  5 goblins
  6 hobgoblins
  2 jackals (D:3)
  15 kobolds
  2 quokkas
  2 ball pythons
  12 bats
  4 frilled lizards
  2 giant cockroach zombies (Sewer)
  7 rats
106 creatures vanquished.

Notes
Turn   | Place    | Note
-------+----------+-------------------------------------------
     0 | Abyss:1  | Inarius the Demonspawn Abyssal Knight began the quest for
                  | the Orb.
     0 | Abyss:1  | Reached XP level 1. HP: 18/18 MP: 2/2
     3 | Abyss:1  | Found a corrupted altar of Lugonu.
    21 | D:1      | Escaped the Abyss
   263 | D:1      | Gained mutation: You are slightly more attuned to the
                  | shadows. [demonic ancestry]
   263 | D:1      | Reached XP level 2. HP: 22/24 MP: 3/3
   868 | D:1      | Reached ** piety under Lugonu
  1138 | D:2      | Found a bloodstained altar of Trog.
  1141 | D:2      | Reached XP level 3. HP: 29/29 MP: 5/5
  1317 | D:2      | Reached skill level 1 in Dodging
  1822 | D:2      | Reached skill level 1 in Stealth
  2086 | D:2      | Gained mutation: You are significantly more attuned to the
                  | shadows. [demonic ancestry]
  2086 | D:2      | Reached XP level 4. HP: 29/35 MP: 6/6
  2274 | D:2      | Reached skill level 1 in Short Blades
  3017 | D:3      | Found an ancient bone altar of Kikubaaqudgha.
  3176 | D:3      | Reached XP level 5. HP: 42/42 MP: 7/7
  3381 | D:3      | Reached *** piety under Lugonu
  3816 | D:3      | Found a radiant altar of Vehumet.
  3817 | D:3      | Found a burning altar of Makhleb.
  4061 | D:3      | Found a sparkling altar of Nemelex Xobeh.
  4194 | D:4      | Found a glowing drain.
  4209 | D:4      | Reached XP level 6. HP: 48/48 MP: 8/8
  4239 | Sewer    | Entered a sewer
  4909 | Sewer    | Found an ancient bone altar of Kikubaaqudgha.
  4939 | Sewer    | Reached skill level 1 in Evocations
  4993 | Sewer    | Noticed Grinder
  5006 | Sewer    | Paralysed by Grinder for 7 turns
  5012 | Sewer    | HP: 1/48 [Grinder (3)]
  5012 | Sewer    | Slain by Grinder

Levels and vault maps discovered:
D:1:      psy_arrival_radial02, layout_basic, st_stairs_8
D:2:      layout_basic, first_ration, bloody_trog
D:3:      layout_basic, grunt_temple_overflow_lords_of_destruction,
          kennysheep_vampire_church, minmay_liquid_box,
          nemelex_dance_club_becter
D:4:      layout_rooms, gup_sewer_entry_pipe, minmay_fire_ice_demons
Abyss:1
Sewer:    kennysheep_sewer_church

Skill      XL: |  1  2  3  4  5  6 |
---------------+-------------------+-----
Armour         | 2 |  2.9
Dodging        | 1 |  1.9
Invocations    | 3 |  3.4
Stealth        | 1 2 3 |  3.2
Short Blades   | 1 2 3 |  3.2
Evocations     | 1 |  1.1
Fighting       | |  3.8
Axes           | |  1.8

Action                   |  1- 3 |  4- 6 || total
-------------------------+-------+-------++-------
Melee: Hand axe          |    14 |       ||    14
       Dagger            |    90 |   338 ||   428
Throw: Throwing net      |     1 |     1 ||     2
Invok: Bend Space        |     1 |     1 ||     2
  Use: Potion            |     1 |       ||     1
       Scroll            |       |     6 ||     6
 Stab: Sleeping          |     5 |    20 ||    25
       Distracted        |     1 |     1 ||     2
  Eat: Chunk             |     4 |     8 ||    12
Armor: Leather armour    |    26 |   123 ||   149
Dodge: Dodged            |    56 |   149 ||   205

Table legend:
 A = Non-vault XP
 B = Vault XP
 C = Vault XP percentage of total XP
 D = Non-vault monster count
 E = Vault monster count
 F = Vault count percentage of total count
                 A         B        C        D         E       F
            +---------+---------+-------+---------+---------+-------
      Total |     203 |     467 |  69.7 |      65 |      41 |  38.7
            +---------+---------+-------+---------+---------+-------
        D:1 |      37 |       2 |   5.1 |      20 |       1 |   4.8
        D:2 |      73 |       0 |   0.0 |      19 |       0 |   0.0
        D:3 |      93 |     168 |  64.4 |      26 |       9 |  25.7
        D:4 |       0 |      15 | 100.0 |       0 |       7 | 100.0
      Sewer |       0 |     282 | 100.0 |       0 |      24 | 100.0
            +---------+---------+-------+---------+---------+-------
